 Dungeon Crawl Stone Soup version 0.28-a0-94-g325244837d (webtiles) character file.

Game seed: 7973064778105051636

54 pokeman the Magician (level 3, -5/20 HPs)
             Began as a Deep Elf Hedge Wizard on Aug 8, 2021.
             Killed from afar by Natasha (8 damage)
             ... with a puff of flame
             ... on level 2 of the Dungeon.
             The game lasted 00:02:25 (2179 turns).

pokeman the Magician (Deep Elf Hedge Wizard)        Turns: 2179, Time: 00:02:26

Health: -5/20      AC:  2    Str:  7    XL:     3   Next: 66%
Magic:  5/11       EV: 12    Int: 19    God:
Gold:   75         SH:  0    Dex: 14    Spells: 1/12 levels left

rFire   . . .      SeeInvis .   i - +1 dagger (drain)
rCold   . . .      Faith    .   (no shield)
rNeg    . . .      Spirit   .   b - +0 robe
rPois   .          Reflect  .   c - +0 hat
rElec   .          Harm     .   (no cloak)
rCorr   .          Rampage  .   (no gloves)
Will    .....                   (no boots)
Stlth   ++........              (no amulet)
HPRegen 0.06/turn               (no ring)
MPRegen 0.12/turn               (no ring)

@: no status effects
A: no striking features
a: no special abilities


You were on level 2 of the Dungeon.
You visited 1 branch of the dungeon, and saw 2 of its levels.

You collected 75 gold pieces.

Inventory:

Hand Weapons
 i - a +1 dagger of draining (weapon)
Armour
 b - a +0 robe (worn)
 c - a +0 hat (worn)
Scrolls
 d - 4 scrolls of identify {unknown}
 e - 2 scrolls of amnesia {unknown}
 f - 3 scrolls of enchant weapon {unknown}
 g - 2 scrolls of teleportation {unknown}
 h - a scroll of fear {unknown}
Potions
 a - a potion of haste {unknown}


   Skills:
 - Level 1.0 Fighting
 - Level 1.0 Armour
 + Level 2.5 Dodging
 - Level 2.4 Stealth
 * Level 5.3 Spellcasting
 + Level 2.0 Conjurations
 - Level 1.1 Summonings
 - Level 1.1 Translocations
 + Level 0.0 Fire Magic


You had one spell level left.
You knew the following spells:

 Your Spells              Type           Power      Damage    Failure   Level
a - Magic Dart            Conj           48%        1d5       5%          1
b - Mephitic Cloud        Conj/Pois/Air  7%         N/A       26%         3
c - Call Imp              Summ           9%         N/A       12%         2
d - Blink                 Tloc           N/A        N/A       12%         2
e - Conjure Flame         Conj/Fire      8%         6-21      24%         3

Your spell library contained the following spells:

 Spells                   Type           Power      Damage    Failure   Level
 Corona                   Hex            5%         N/A       12%         1
 Ensorcelled Hibernation  Hex/Ice        10%        N/A       19%         2
 Slow                     Hex            5%         N/A       19%         2
 Tukima's Dance           Hex            5%         N/A       34%         3


Dungeon Overview and Level Annotations

Branches:
Dungeon (2/15)

Altars:

Shops:
D:1 (   D:2 (

Annotations:
D:2 Natasha


Message History

Confirm with . or Enter, or press ? or * to list all spells.
Aiming: Magic Dart (safe; 5% risk of failure)
Press: ? - help, Shift-Dir - straight line, f/p - Natasha
Aim: Natasha, carrying a wand of flame (22) (noxious fumes, lightly wounded, confused, 100% to hit)
The magic dart hits Natasha.
Natasha is lightly wounded.
Natasha is engulfed in noxious fumes.
You hit Natasha.
Natasha is lightly wounded.
Natasha claws you!
* * * LOW HITPOINT WARNING * * *
Unknown command.
You barely miss Natasha.
Natasha is lightly wounded.
Natasha barely misses you.
You hit Natasha.
Natasha is moderately wounded.
Casting: Magic Dart (safe; 5% risk of failure)
Confirm with . or Enter, or press ? or * to list all spells.
Aiming: Magic Dart (safe; 5% risk of failure)
Press: ? - help, Shift-Dir - straight line, f/p - Natasha
Aim: Natasha, carrying a wand of flame (22) (moderately wounded, confused, 100% to hit)
The magic dart hits Natasha.
Natasha is heavily wounded.
Casting: Magic Dart (safe; 5% risk of failure)
Confirm with . or Enter, or press ? or * to list all spells.
Aiming: Magic Dart (safe; 5% risk of failure)
Press: ? - help, Shift-Dir - straight line, f/p - Natasha
Aim: Natasha, carrying a wand of flame (22) (heavily wounded, confused, 100% to hit)
The magic dart hits Natasha but does no damage.
Natasha is heavily wounded.
Casting: Magic Dart (safe; 5% risk of failure)
Confirm with . or Enter, or press ? or * to list all spells.
Aiming: Magic Dart (safe; 5% risk of failure)
Press: ? - help, Shift-Dir - straight line, f/p - Natasha
Aim: Natasha, carrying a wand of flame (22) (heavily wounded, confused, 100% to hit)
The magic dart hits Natasha.
Natasha is severely wounded.
Natasha zaps a wand.
The puff of flame hits you!
You die...

###..###########.........#..#.#
...................#####.#.†#.###
####............................>
# ###.....######..###.#.#.......
#####.# #..# #.#.#.###### #.#
#..# #.#.#.# #.# #..# #.#.#.#
##.#######h###.#.#.#
#.......@........#.######
##########..##.###.#....#
..h........##.###.#....#
#####.............#.....
#.####..#.#####....# #.
##.#.#####.#... # #.........#.##
##..#######.## #......†.....#


You could see Natasha.

Vanquished Creatures
  2 adders (D:2)
  A dart slug (D:1)
  7 ball pythons
  3 bats
  An endoplasm (D:1)
  3 giant cockroaches (D:1)
  4 goblins (D:1)
  2 hobgoblins (D:2)
  6 kobolds
  2 quokkas (D:1)
  2 rats (D:1)
33 creatures vanquished.

Vanquished Creatures (others)
  4 fungi (D:2)
4 creatures vanquished.

Grand Total: 37 creatures vanquished

Notes
Turn   | Place    | Note
-------+----------+-------------------------------------------
     0 | D:1      | pokeman the Deep Elf Hedge Wizard began the quest for the
                  | Orb.
     0 | D:1      | Reached XP level 1. HP: 10/10 MP: 7/7
   136 | D:1      | Found Tubage's Weapon Emporium.
   309 | D:1      | Reached XP level 2. HP: 15/15 MP: 5/9
   959 | D:1      | Reached skill level 5 in Spellcasting
  1317 | D:2      | Reached XP level 3. HP: 20/20 MP: 11/11
  1321 | D:2      | Learned a level 3 spell: Mephitic Cloud
  1324 | D:2      | Learned a level 2 spell: Call Imp
  1327 | D:2      | Learned a level 2 spell: Blink
  1331 | D:2      | Learned a level 3 spell: Conjure Flame
  1494 | D:2      | Found Ataxzuro's Antique Weapon Emporium.
  1704 | D:2      | Reached skill level 1 in Armour
  1861 | D:2      | Reached skill level 1 in Fighting
  2161 | D:2      | Noticed Natasha
  2179 | D:2      | Killed from afar by Natasha

Illustrated notes

Levels and vault maps discovered:
D:1:      lightli_arrival_quake, layout_loops_ring, serial_shops,
          nicolae_shop_stone
D:2:      layout_basic, serial_shops, shop, shapermc_ecumenical_altar_venn,
          uniq_crazy_yiuf_cottage, uniq_natasha

Skill      XL: |  1  2  3 |
---------------+----------+-----
Spellcasting   | 5 |  5.3
Armour         | 1 |  1.0
Fighting       | 1 |  1.0
Conjurations   | 2 |  2.0
Dodging        | |  2.5
Stealth        | |  2.4
Summonings     | |  1.1
Translocations | |  1.1

Action                   || total
-------------------------++-------
Melee: Dagger            ||     4
 Cast: Magic Dart        ||   101
       Mephitic Cloud    ||     1
 Stab: Sleeping          ||     1
Armor: Robe              ||     4
Dodge: Dodged            ||    17

Table legend: (Time is in decaauts)
 A = Elapsed time spent in this place.
 B = Non-inter-level travel time spent in this place.
 C = Inter-level travel time spent in this place.
 D = Time resting spent in this place.
 E = Time spent auto-exploring this place.
 F = Levels seen in this place.
 G = Mean time per level.
                   A        B        C        D        E       F      G
               +--------+--------+--------+--------+--------+-----+--------+
         Total |   2178 |   2170 |      8 |      5 |   1983 |   2 | 1089.0 |
       Dungeon |   2178 |   2170 |      8 |      5 |   1983 |   2 | 1089.0 |
               +--------+--------+--------+--------+--------+-----+--------+

Top non-repeatable levels by time:
     D:1: 1314 daAuts
     D:2: 863 daAuts
